 Dungeon Crawl Stone Soup version 0.32-a0-799-g95e1662365 (webtiles) character file.

Game seed: 1826783326896487028

417 cforsyth the Chopper (level 6, -6/53 HPs)
             Began as a Mountain Dwarf Cinder Acolyte on Mar 21, 2024.
             Was a High Priest of Ignis.
             Killed by divine providence
             ... invoked by an orc priest
              (11 damage)
             ... on level 4 of the Dungeon.
             The game lasted 00:04:44 (3792 turns).

cforsyth the Chopper (MDCA)                         Turns: 3792, Time: 00:04:45

Health: -6/53      AC: 12    Str: 19    XL:     6   Next: 61%
Magic:  5/9        EV:  4    Int: 14    God:    Ignis [*****.]
Gold:   239        SH:  0    Dex:  5    Spells: 8/10 levels left

rFire   + . .        a - -1 hand axe (flame)
rCold   . . .        (no shield)
rNeg    + . .        m - +0 plate armour
rPois   .            (no helmet)
rElec   .            l - +0 cloak of Naokhl Ladae {rN+}
rCorr   .            (no gloves)
SInv    .            (no boots)
Will    .....        (no amulet) Stlth
                     (no ring)
HPRegen 0.28/turn    (no ring)
MPRegen 0.11/turn

%: no passive effects
@: no status effects
A: runic magic, artefact enchanting
a: Renounce Religion, Fiery Armour, Foxfire Swarm, Rising Flame


You were on level 4 of the Dungeon.
You worshipped Ignis.
Ignis was extremely pleased with you.
You visited 1 branch of the dungeon, and saw 4 of its levels.

You collected 239 gold pieces.


Innate Abilities, Weirdness & Mutations

Your spellcasting is much less encumbered by armour.
You can use scrolls of enchantment on lesser artefacts.


   Skills:
 + Level 4.6 Fighting
 + Level 5.1 Axes
 + Level 3.1 Armour
 + Level 2.5 Spellcasting
 + Level 5.1 Fire Magic


You had 8 spell levels left.
You knew the following spells:

 Your Spells              Type           Power      Damage    Failure   Level
X - Scorch                Fire           32%        2d6       10%         2

Your spell library contained the following spells:

 Spells                   Type           Power      Damage    Failure   Level
 Magic Dart               Conj           4%         1d3       50%         1
 Blink                    Tloc           2%         N/A       63%         2
 Call Imp                 Summ           2%         N/A       63%         2
 Sublimation of Blood     Necr           1%         N/A       63%         2
 Fugue of the Fallen      Necr           1%         N/A       86%         3
 Ozocubu's Armour         Ice            1%         N/A       86%         3
 Manifold Assault         Tloc           1%         N/A       99%         4
 Summon Hydra             Summ           0%         N/A       100%        7

Inventory:

Hand Weapons
 a - a -1 hand axe of flaming (weapon)
Armour
 l - the +0 cloak of Naokhl Ladae (worn) {rN+}
   (You found it on level 2 of the Dungeon)

   rN+:       It protects you from negative energy.
 m - a +0 plate armour (worn)
Magical Staves
 t - a staff of earth {!a}
Wands
 o - a wand of charming (15)
Scrolls
 b - a scroll of teleportation {unknown}
 f - a scroll of silence {unknown}
 g - 5 scrolls of identify {unknown}
 h - 4 scrolls of vulnerability {unknown}
 i - a scroll of amnesia {unknown}
 j - a scroll of enchant armour {unknown}
 p - a scroll of fog {unknown}
 r - a scroll of poison {unknown}
 s - 2 scrolls of fear {unknown}
Potions
 c - a potion of lignification {unknown}
 d - 2 potions of invisibility
 e - a potion of enlightenment {unknown}
 k - 2 potions of curing {unknown}
 n - a potion of attraction {unknown}
 q - a potion of ambrosia {unknown}
 u - a potion of degeneration {unknown}

Dungeon Overview and Level Annotations

Branches:
Dungeon (4/15)
 Temple: D:4-7

Altars:
Fedhas
Trog

# #.. ##.. .# ..# .#..
#<....# ..# ...##
#.##.#####.##.
#...##....##..[....
##.........##....#...
#...>..........##..##
##...................#
#.....@........###...##
#..............# #.....
##..#........o.###.....
## ##.......o........#
#......o.........#
##.....#.J..##...##
#......##....#.....
###...#....##...J..
#.####...###o#...


You could see 3 orc priests and an endoplasm.


Message History

You hear a shout! x2
An orc priest comes into view. It is wielding a +0 short sword.
The orc priest invokes the aid of Beogh against you.
You struggle to resist.
An orc priest comes into view. It is wielding a +0 dagger.
You hit the orc priest. You burn the orc priest.
The orc priest is severely wounded.
The orc priest begins to cast a cantrip, but forgets the words!
The orc priest invokes the aid of Beogh against you.
Beogh smites you!
Unknown command.
An orc comes into view. It is wielding a +0 mace.
The orc priest invokes the aid of Beogh against you.
Beogh smites you!
* * * LOW HITPOINT WARNING * * *
The orc priest looks satisfied for a moment.
The orc priest is no longer more vulnerable to fire.
The orc priest mumbles some strange prayers to Beogh against you.
Beogh smites you!
* * * LOW HITPOINT WARNING * * *
Unknown command.
Your magical contamination has completely faded away.
The orc priest miscasts a cantrip.
The orc priest calls down the wrath of Beogh upon you.
Beogh smites you!
* * * LOW HITPOINT WARNING * * *
The orc priest calls down the wrath of Beogh upon you.
Beogh smites you!
You die...
Ignis goes out, and joins you in death.

Skill      XL: |  1  2  3  4  5  6 |
---------------+-------------------+-----
Armour         | 1 2 3 |  3.1
Axes           | 4 5 |  5.1
Fire Magic     | 4 5 |  5.1
Fighting       | 4 |  4.6
Spellcasting   | 2 |  2.5

Action                     |  1- 3 |  4- 6 || total
---------------------------+-------+-------++-------
  Melee: Hand axe          |    48 |    93 ||   141
   Cast: Scorch            |    17 |    46 ||    63
    Use: Potion            |       |     1 ||     1
 Armour: Robe              |    35 |    10 ||    45
         Plate armour      |       |    92 ||    92
  Dodge: Dodged            |    33 |    34 ||    67

Levels and vault maps discovered:
D:1:      mainiacjoe_arrival_oval_in_oval, layout_loops_cross
D:2:      layout_rooms, minmay_misc_feat_x, corexii_item_surrounded_by_moat
D:3:      layout_loops_ring, trog_wizard, lemuel_doored_altar,
          hellmonk_ecumenical_altar_run_dry, minmay_fractal_squares_gapless_5,
          uniq_sigmund
D:4:      layout_cave_pools, mainiacjoe_overflow_alcove_2,
          ashenzari_conservatory_becter

Notes
Turn   | Place    | Note
-------+----------+-------------------------------------------
     0 | D:1      | cforsyth the Mountain Dwarf Cinder Acolyte began the quest
                  | for the Orb.
     0 | D:1      | Reached XP level 1. HP: 19/19 MP: 2/2
    87 | D:1      | Reached XP level 2. HP: 16/26 MP: 3/3
   254 | D:1      | Reached skill level 1 in Armour
   330 | D:1      | Reached skill level 4 in Axes
   357 | D:1      | Reached XP level 3. HP: 14/31 MP: 5/5
   360 | D:1      | Learned a level 2 spell: Scorch
   523 | D:1      | Reached skill level 4 in Fire Magic
  1269 | D:2      | Reached XP level 4. HP: 40/40 MP: 1/6
  1272 | D:2      | Identified the +0 cloak of Naokhl Ladae {rN+}
  1817 | D:3      | Found a blossoming altar of Fedhas.
  1984 | D:3      | Noticed Sigmund
  2155 | D:3      | Killed Sigmund
  2156 | D:3      | Reached skill level 4 in Fighting
  2156 | D:3      | Reached skill level 2 in Armour
  2156 | D:3      | Reached skill level 2 in Spellcasting
  2156 | D:3      | Reached XP level 5. HP: 47/47 MP: 0/8
  2354 | D:3      | Reached XP level 6. HP: 29/53 MP: 5/9
  2673 | D:3      | Found a bloodstained altar of Trog.
  2675 | D:3      | Noticed a wizard
  2681 | D:3      | Killed a wizard
  3040 | D:3      | Found a faded altar of an unknown god.
  3280 | D:3      | Reached skill level 5 in Axes
  3536 | D:3      | Reached skill level 5 in Fire Magic
  3663 | D:4      | Reached skill level 3 in Armour
  3789 | D:4      | HP: 4/53 [orc priest/divine providence (11)]
  3792 | D:4      | Killed from afar by an orc priest

Vanquished Creatures
  Sigmund (D:3)
  A howler monkey (D:4)
  A bombardier beetle (D:3)
  2 hounds
  4 adders
  A ribbon worm (D:3)
  4 dart slugs
  3 orcs (D:3)
  2 ball pythons
  5 endoplasms
  4 giant cockroaches
  10 goblins
  8 hobgoblins
  7 jackals
  8 kobolds
  5 quokkas
  2 bats
  8 frilled lizards
  8 rats
84 creatures vanquished.

Vanquished Creatures (others)
  An arcanist (D:3)
1 creature vanquished.

Grand Total: 85 creatures vanquished

Table legend: (Time is in decaauts)
 A = Elapsed time spent in this place.
 B = Non-inter-level travel time spent in this place.
 C = Inter-level travel time spent in this place.
 D = Time resting spent in this place.
 E = Time spent auto-exploring this place.
 F = Levels seen in this place.
 G = Mean time per level.
                   A        B        C        D        E       F      G
               +--------+--------+--------+--------+--------+-----+--------+
         Total |   3807 |   3693 |    114 |    411 |   2648 |   4 |  951.8 |
       Dungeon |   3807 |   3693 |    114 |    411 |   2648 |   4 |  951.8 |
               +--------+--------+--------+--------+--------+-----+--------+

Top non-repeatable levels by time:
     D:3: 1792 daAuts
     D:1: 953 daAuts
     D:2: 895 daAuts
     D:4: 166 daAuts

Table legend:
 A = Non-vault XP
 B = Vault XP
 C = Vault XP percentage of total XP
 D = Non-vault monster count
 E = Vault monster count
 F = Vault count percentage of total count
                 A         B        C        D         E       F
            +---------+---------+-------+---------+---------+-------
      Total |     376 |     220 |  36.9 |      79 |       5 |   6.0
            +---------+---------+-------+---------+---------+-------
        D:1 |      56 |       0 |   0.0 |      29 |       0 |   0.0
        D:2 |      67 |       0 |   0.0 |      18 |       0 |   0.0
        D:3 |     150 |     220 |  59.5 |      29 |       5 |  14.7
        D:4 |     103 |       0 |   0.0 |       3 |       0 |   0.0
            +---------+---------+-------+---------+---------+-------
